 Dungeon Crawl Stone Soup version 0.25-a0-1133-g93ebf739aa (webtiles) character file.

Game seed: 6024811882088674144, levelgen mode: deterministic

58 Flugkiller the Sneak (level 4, 0/29 HPs)
             Began as an Octopode Wanderer on May 21, 2020.
             Was an Initiate of Dithmenos.
             Killed from afar by a dart slug (4 damage)
             ... with a slug dart
             ... on level 2 of the Dungeon.
             The game lasted 00:02:08 (1802 turns).

Flugkiller the Sneak (Octopode Wanderer)            Turns: 1802, Time: 00:02:09

Health: 0/29       AC:  1    Str: 11    XL:     4   Next: 1%
Magic:  5/5        EV: 13    Int: 12    God:    Dithmenos [......]
Gold:   84         SH:  0    Dex: 14    Spells: 4/5 levels left

rFire    . . .     SeeInvis .   a - +0 mace
rCold    . . .     Gourm    .   (no shield)
rNeg     . . .     Faith    .   (helmet restricted)
rPois    .         Spirit   .   (no amulet)
rElec    .         Reflect  .   (no ring)
rCorr    .         Harm     .   (no ring)
MR       .....                  (no ring)
Stlth    ++++......             (no ring)
HPRegen  0.09/turn              (no ring)
MPRegen  0.09/turn              (no ring)
                                (no ring)
                                (no ring)

@: no status effects
A: almost no armour, stealthy swim, amphibious, 8 rings, constrict 8, camouflage
1, gelatinous body 1
a: Renounce Religion


You were on level 2 of the Dungeon.
You worshipped Dithmenos.
Dithmenos was noncommittal.
You were not hungry.

You visited 1 branch of the dungeon, and saw 2 of its levels.

You collected 84 gold pieces.

Inventory:

Hand Weapons
 a - a +0 mace (weapon)
Jewellery
 m - an uncursed ring of ice {unknown}
   (You found it on level 2 of the Dungeon)
Scrolls
 c - 2 scrolls of teleportation
 e - a scroll of enchant armour
 f - a scroll of fog {unknown}
 h - a scroll of amnesia {unknown}
 k - 2 scrolls of remove curse {unknown}
Potions
 b - a potion of flight {unknown}
 g - a potion of degeneration {unknown}
 i - a potion of heal wounds {unknown}
 l - a potion of haste {unknown}
Comestibles
 d - 5 rations


   Skills:
 - Level 2.0 Fighting
   Level 3.0 Axes
 + Level 2.2 Dodging
 - Level 4.0 Stealth
   Level 1.0 Shields
 - Level 1.0 Spellcasting
   Level 2.0 Translocations


You had 4 spell levels left.
You knew the following spells:

 Your Spells              Type           Power        Failure   Level  Hunger
a - Magic Dart            Conj           #...         30%         1    ##.....

Your spell library contained the following spells:

 Spells                   Type           Power        Failure   Level  Hunger
 Blink                    Tloc           N/A          21%         2    ###....
 Call Imp                 Summ           #.......     41%         2    ###....
 Slow                     Hex            #.......     41%         2    ###....
 Conjure Flame            Conj/Fire      #.......     65%         3    ####...
 Mephitic Cloud           Conj/Pois/Air  #.......     65%         3    ####...


Dungeon Overview and Level Annotations

Branches:
Dungeon (2/15)

Altars:
Dithmenos
Fedhas


Innate Abilities, Weirdness & Mutations

You cannot wear most types of armour.
You are very stealthy in the water. (Stealth+)
You are amphibious.
You can wear up to eight rings at the same time.
You can use your tentacles to constrict eight enemies at once.
Your skin changes colour to match your surroundings (Stealth+).
Your rubbery body absorbs attacks. (AC +1, EV +1)


Message History

You hit the hobgoblin but do no damage. You grab the hobgoblin.
You constrict the hobgoblin. The hobgoblin hits you.
The hobgoblin completely misses you.
You hit the hobgoblin.
You kill the hobgoblin!
Dithmenos accepts your kill.
You barely miss the rat. You grab the rat. You constrict the rat.
The rat closely misses you. The rat bites you.
You thump the rat!
You kill the rat!
Dithmenos accepts your kill.
The helpless hobgoblin fails to defend itself.
You hit the hobgoblin. Your grab misses the hobgoblin.
The hobgoblin is almost dead.
The hobgoblin misses you.
You closely miss the hobgoblin. Your grab misses the hobgoblin.
The hobgoblin is almost dead.
The hobgoblin hits you but does no damage.
You hit the hobgoblin.
You kill the hobgoblin!
Dithmenos accepts your kill.
You have reached level 4!
You butcher the rat corpse.
j - a chunk of flesh You see here a rat skeleton. x2
Eating a chunk of flesh.
You eat the chunk of flesh.
This raw flesh tastes terrible.
k - 2 scrolls labeled MASAONEHUEB (gained 1)
You now have 84 gold pieces (gained 10).
The worm is too close now for your liking.
A worm is nearby!
A worm is nearby!
A dart slug comes into view.
The worm bites you.
You barely miss the worm. You grab the worm. You constrict the worm.
The worm misses you.
You hit the worm.
The worm is moderately wounded.
You constrict the worm. The worm bites you!
You are too injured to fight recklessly!
You are too injured to fight recklessly!
You release your grip on the worm.
The worm bites you.
* * * LOW HITPOINT WARNING * * *
The dart slug launches a dart at you. The slug dart hits you.
* * * LOW HITPOINT WARNING * * *
The dart slug launches a dart at you. The slug dart hits you.
You die...

##########
#...w....#
#.@......#
#...w....#
#........##
#.........#
#.........######
#..............####
#####....#####.....
####.# ##.### #.#
#.# #


You could see a worm and a dart slug.

Vanquished Creatures
  2 oozes (D:1)
  A worm (D:2)
  3 dart slugs
  5 giant cockroaches
  4 hobgoblins (D:2)
  6 jackals
  6 kobolds
  6 bats
  2 frilled lizards
  5 rats
40 creatures vanquished.

Notes
Turn   | Place    | Note
-------+----------+-------------------------------------------
     0 | D:1      | Flugkiller the Octopode Wanderer began the quest for the
                  | Orb.
     0 | D:1      | Flugkiller set off with the following items: a +0 mace, a
                  | scroll of teleportation, a ration; and the following spell
                  | memorised: Magic Dart; and the following spells available
                  | to memorise: Blink, Call Imp, Slow, Conjure Flame, Mephitic
                  | Cloud
     0 | D:1      | Reached XP level 1. HP: 14/14 MP: 2/2
    27 | D:1      | Reached skill level 2 in Stealth
    28 | D:1      | Reached skill level 3 in Stealth
    28 | D:1      | Reached XP level 2. HP: 5/19 MP: 3/3
   478 | D:1      | Reached skill level 4 in Stealth
   484 | D:1      | Reached XP level 3. HP: 24/24 MP: 4/4
   515 | D:1      | Reached skill level 1 in Dodging
   993 | D:2      | Found a shadowy altar of Dithmenos.
  1002 | D:2      | Became a worshipper of Dithmenos the Shadowed
  1623 | D:2      | Found a blossoming altar of Fedhas.
  1727 | D:2      | Reached XP level 4. HP: 25/29 MP: 5/5
  1802 | D:2      | Killed from afar by a dart slug

Illustrated notes

Levels and vault maps discovered:
D:1:      ncdulo_wetmaze, layout_rooms, serial_forest,
          infiniplex_forest_corner_1, infiniplex_forest_lined_2,
          infiniplex_forest_clump_tiny, infiniplex_forest_clump_long,
          infiniplex_forest_end_3, minmay_misc_feat_five, minmay_door_square
D:2:      layout_rooms, fedhas_altar_fruit_tree, grunt_dithmenos_smoke,
          uniq_crazy_yiuf_cottage

Skill      XL: |  1  2  3 |
---------------+----------+-----
Stealth        | 3 4 |  4.0
Dodging        | 2 |  2.2
Fighting       | |  2.0
Axes           | |  3.0
Shields        | |  1.0
Spellcasting   | |  1.0
Translocations | |  2.0

Action                   |  1- 3 |  4- 6 || total
-------------------------+-------+-------++-------
Melee: Mace              |    77 |     2 ||    79
       Tentacles         |     9 |       ||     9
       Constrict         |    24 |     1 ||    25
  Use: Scroll            |     1 |       ||     1
 Stab: Sleeping          |     9 |       ||     9
       Distracted        |     1 |       ||     1
  Eat: Chunk             |     2 |     1 ||     3
Armor: Skin              |     7 |       ||     7
Dodge: Dodged            |    54 |     1 ||    55

Table legend:
 A = Non-vault XP
 B = Vault XP
 C = Vault XP percentage of total XP
 D = Non-vault monster count
 E = Vault monster count
 F = Vault count percentage of total count
                 A         B        C        D         E       F
            +---------+---------+-------+---------+---------+-------
      Total |      83 |       0 |   0.0 |      40 |       0 |   0.0
            +---------+---------+-------+---------+---------+-------
        D:1 |      55 |       0 |   0.0 |      26 |       0 |   0.0
        D:2 |      28 |       0 |   0.0 |      14 |       0 |   0.0
            +---------+---------+-------+---------+---------+-------
